cohdb
Replays
Latest Replays
All Replays
Popular Replays
Top Player Replays
Match Explorer
How It Works
Community
CoH3 Stats
Reddit
Sign in to upload your games and track your stats! →
Sign in with Steam
Match 41420445
Unlisted
Match 41420445
Overview
Messages
Build Orders
End
Kettenkrad Recon Vehicle
Construct Infanterie Kompanie
MG 42 Machine Gun Team
Selects Terror Battlegroup
Grenadier Squad
Grenadier Squad
Construct Panzergrenadier Kompanie
Pak 40 Anti-tank Gun Team
Panzergrenadier Squad
Medical Bunker
Pak 40 Anti-tank Gun Team
Construct Panzer Kompanie
Pioneer Squad
Support Elements
Nebelwerfer 42 Rocket Launcher Team
Panzer IV Medium Tank
Selects Heavy Gunnery
Selects No Quarter
Side Skirts
Panzer IV Medium Tank
Nebelwerfer 42 Rocket Launcher Team
Pioneer Squad
Pioneer Squad
Sturmpanzer IV Brummbär
UnnaStrich
BigNoobiii
Surveillance-Buoy 2
Sarmynation
0
0
Comments
sign in to comment!
No comments posted yet!